 Dungeon Crawl Stone Soup version 0.29.1-15-g9cfb28693d (webtiles) character file.

Game seed: 10204647035009651922

1316 Heoruswealwe the Thaumaturge (level 8, -5/41 HPs)
             Began as a Deep Elf Earth Elementalist on Apr 19, 2023.
             Slain by an orc warrior
             ... wielding a +0 battleaxe
              (22 damage)
             ... on level 6 of the Dungeon.
             The game lasted 00:45:41 (4554 turns).

Heoruswealwe the Thaumaturge (DEEE)                 Turns: 4554, Time: 00:45:42

Health: -5/41      AC:  4    Str: 10    XL:     8   Next: 33%
Magic:  23/23      EV: 16    Int: 23    God:
Gold:   252        SH:  0    Dex: 15    Spells: 16/26 levels left

rFire   . . .      SeeInvis .   b - +6 mace "Sarcophage" {vamp, rN+ Str+3}
rCold   x . .      Faith    .   (no shield)
rNeg    + . .      Spirit   .   c - +0 robe "Himiapro" {rC- Will+ Regen+ Str+2}
rPois   .          Reflect  .   g - +0 helmet
rElec   .          Harm     .   (no cloak)
rCorr   .          Rampage  .   f - +0 pair of gloves
Will    ++...                   (no boots)
Stlth   ++........              (no amulet)
HPRegen 0.93/turn               k - +4 ring of evasion
MPRegen 0.18/turn               j - ring of willpower

@: no status effects
A: no striking features
a: no special abilities


You were on level 6 of the Dungeon.
You visited 1 branch of the dungeon, and saw 6 of its levels.

You collected 349 gold pieces.
You spent 97 gold pieces at shops.

Inventory:

Hand Weapons
 b - the +6 mace "Sarcophage" (weapon) {vamp, rN+ Str+3}
   (You found it on level 3 of the Dungeon)

   It occasionally heals its wielder for a portion of the damage dealt when it
   wounds a living foe.
   Str:       It affects your strength (+3).
   rN:        It protects you from negative energy.
 r - the +8 whip "Ihid" {vorpal, rPois Will- rCorr}
   (You found it on level 2 of the Dungeon)

   It inflicts extra damage upon your enemies.
   rPois:     It protects you from poison.
   rCorr:     It protects you from acid and corrosion.
   Will:      It decreases your willpower.
Armour
 c - the +0 robe "Himiapro" (worn) {rC- Will+ Regen+ Str+2}
   (You found it on level 2 of the Dungeon)

   Str:       It affects your strength (+2).
   rC:        It makes you vulnerable to cold.
   Regen:     It increases your rate of health regeneration.
   Will:      It increases your willpower.
 f - a +0 pair of gloves (worn)
 g - a +0 helmet (worn)
Magical Staves
 m - a staff of death
Jewellery
 j - a ring of willpower (right hand)
 k - a +4 ring of evasion (left hand)
 E - the ring "Gepsielo" {Str+6 Dex+2}
   (You found it on level 6 of the Dungeon)

   [ring of strength]

   Str:       It affects your strength (+6).
   Dex:       It affects your dexterity (+2).
Wands
 x - a wand of flame (17)
 D - a wand of polymorph (4)
 F - a wand of iceblast (10)
Scrolls
 l - 2 scrolls of summoning
 n - 3 scrolls of amnesia
 p - 4 scrolls of teleportation
 v - a scroll of enchant armour
 w - a scroll of magic mapping
 G - a scroll of poison {unknown}
Potions
 a - 2 potions of berserk rage {unknown}
 d - 8 potions of curing {unknown}
 e - a potion of might {unknown}
 h - 3 potions of heal wounds {unknown}
 i - 2 potions of mutation {unknown}
 o - a potion of resistance {unknown}
 q - 2 potions of attraction {unknown}
 s - a potion of lignification {unknown}
 t - 3 potions of flight {unknown}
 u - 2 potions of haste {unknown}
 z - a potion of degeneration {unknown}
 A - a potion of cancellation {unknown}
 B - a potion of brilliance {unknown}
 C - 3 potions of magic


   Skills:
 - Level 2.4 Dodging
 - Level 2.4 Stealth
 + Level 9.8 Spellcasting
 - Level 1.1 Transmutations
 + Level 8.6 Earth Magic


You had 16 spell levels left.
You knew the following spells:

 Your Spells              Type           Power      Damage    Failure   Level
a - Sandblast             Erth           100%       2d20      1%          1
b - Stone Arrow           Conj/Erth      62%        3d10      3%          3
c - Petrify               Tmut/Erth      33%        N/A       8%          4
z - Passwall              Tmut/Erth      27%        N/A       1%          2

Your spell library contained the following spells:

 Spells                   Type           Power      Damage    Failure   Level
 Beastly Appendage        Tmut           32%        N/A       3%          1
 Wereblood                Tmut           16%        N/A       5%          2
 Sublimation of Blood     Necr           11%        N/A       9%          2
 Spider Form              Tmut/Pois      13%        N/A       14%         3
 Summon Hydra             Summ           5%         N/A       100%        7


Dungeon Overview and Level Annotations

Branches:
Dungeon (6/15)
 Temple: D:4-7

Altars:

Shops:
D:3 *


Message History

The orc warrior hits you with a +0 battleaxe!
The blast of sand hits the orc warrior but does no damage.
The orc warrior is lightly wounded.
The orc warrior barely misses you.
The orc warrior hits you with a +0 battleaxe!
* * * LOW HITPOINT WARNING * * *
The orc wizard gestures wildly while chanting.
The orc wizard flickers and vanishes!
The orc warrior attacks as you move away!
The orc warrior completely misses you.
The orc warrior attacks as you move away!
The orc warrior hits you with a +0 battleaxe!
* * * LOW HITPOINT WARNING * * *
The orc warrior attacks as you move away!
The orc warrior misses you.
The orc warrior attacks as you move away!
The orc warrior closely misses you.
A puff of flame appears from out of thin air!
The puff of flame hits something.
The orc warrior attacks as you move away!
The orc warrior completely misses you.
A magic dart appears from out of thin air!
The magic dart hits you.
* * * LOW HITPOINT WARNING * * *
An orc wizard appears from thin air!
Reactivating autopickup.
The orc warrior attacks as you move away!
The orc warrior closely misses you.
The orc wizard gestures wildly while chanting.
The orc wizard flickers and vanishes!
Deactivating autopickup; reactivate with Ctrl-A.
The orc warrior attacks as you move away!
The orc warrior closely misses you.
An orc wizard appears from thin air!
Reactivating autopickup.
Things that are here:
a +0 club; a +0 scale mail; an orc skeleton The orc warrior attacks as you move away!
The orc warrior hits you with a +0 battleaxe!!
Ouch! That really hurt!
You die...

###################.#####.#.#.#..
=...................##....#...#..
##########......######.####...#..
##########......######.# #.#.###
.........'.............# #.#.###
##########......###########......
..............).)............)...
#######.......)..................
#..(..<#.o@................
##############.###.#########.....
.............o...#.............)#
)........#####.#.#.##########.#.#
.........# #.#.#.#..........#.#
.........# #...#.#.######.#.#.#
...?.....# #####.#........#....
....[....### #.########.#.#.#
...#####...# #.#.............


You could see an orc warrior and an orc wizard.

Vanquished Creatures
  A wyvern (D:6)
  A water moccasin (D:6)
  3 black bears
  2 sky beasts (D:6)
  A bullfrog (D:5)
  A scorpion (D:5)
  A necrophage (D:5)
  2 hounds
  A jelly (D:6)
  Natasha (thrice) (D:4)
  An iguana (D:5)
  An orc wizard (D:6)
  Robin (D:3)
  10 adders
  An ufetubus (D:4)
  2 worms (D:3)
  4 dart slugs
  15 orcs
  2 ball pythons (D:1)
  6 endoplasms
  3 giant cockroaches
  6 hobgoblins
  2 jackals (D:3)
  4 quokkas
  8 bats
  2 frilled lizards
  13 goblins
  9 kobolds
  10 rats
116 creatures vanquished.

Notes
Turn   | Place    | Note
-------+----------+-------------------------------------------
     0 | D:1      | Heoruswealwe the Deep Elf Earth Elementalist began the
                  | quest for the Orb.
     0 | D:1      | Reached XP level 1. HP: 10/10 MP: 6/6
    87 | D:1      | Reached XP level 2. HP: 15/15 MP: 2/8
    90 | D:1      | Learned a level 2 spell: Passwall
   407 | D:1      | Reached skill level 4 in Spellcasting
   547 | D:2      | Reached XP level 3. HP: 19/19 MP: 7/10
   552 | D:2      | Learned a level 3 spell: Stone Arrow
   699 | D:2      | Identified the +8 whip "Ihid" {vorpal, rPois Will- rCorr}
   738 | D:2      | Identified the +0 robe "Himiapro" {rC- Will+ Regen+ Str+2}
   883 | D:3      | Found Zuicw's General Store.
   923 | D:3      | Reached XP level 4. HP: 24/24 MP: 10/12
   936 | D:3      | Learned a level 4 spell: Petrify
  1112 | D:3      | Identified the +6 mace "Sarcophage" {vamp, rN+ Str+3}
  1383 | D:3      | Noticed Robin
  1413 | D:3      | Killed Robin
  1414 | D:3      | Reached skill level 5 in Spellcasting
  1850 | D:3      | Bought a scroll of magic mapping for 97 gold pieces
  1857 | D:4      | Noticed a black bear
  1861 | D:4      | Killed a black bear
  1862 | D:4      | Reached skill level 6 in Spellcasting
  1862 | D:4      | Reached skill level 5 in Earth Magic
  1862 | D:4      | Reached XP level 5. HP: 28/28 MP: 10/15
  1949 | D:4      | Identified the +1 chain mail of the Eagle {Harm Stlth+}
  2043 | D:4      | Noticed a black bear
  2048 | D:4      | Killed a black bear
  2049 | D:4      | Reached XP level 6. HP: 32/32 MP: 12/17
  2293 | D:4      | Noticed Natasha
  2297 | D:4      | Killed Natasha
  2593 | D:4      | Noticed Natasha
  2596 | D:4      | Killed Natasha
  2832 | D:4      | Noticed Natasha
  2837 | D:4      | Killed Natasha
  2914 | D:5      | Entered Level 5 of the Dungeon
  3012 | D:5      | Reached skill level 7 in Spellcasting
  3160 | D:5      | Reached XP level 7. HP: 30/36 MP: 16/20
  3360 | D:5      | Reached skill level 8 in Spellcasting
  3905 | D:6      | Reached skill level 9 in Spellcasting
  3931 | D:6      | Reached XP level 8. HP: 41/41 MP: 21/23
  4018 | D:6      | Identified the ring "Gepsielo" {Str+6 Dex+2}
  4554 | D:6      | Slain by an orc warrior

Illustrated notes

Levels and vault maps discovered:
D:1:      dpeg_arrival_ratfight, layout_basic
D:2:      layout_rooms
D:3:      layout_loops_ring, serial_shops, shop, dk_vineyard_1,
          roderic_cross_of_infinity, minmay_puff, uniq_robin
D:4:      layout_loops_corners, uniq_natasha
D:5:      layout_layer_cave
D:6:      layout_basic

Skill      XL: |  1  2  3  4  5  6  7  8 |
---------------+-------------------------+-----
Earth Magic    | 4 5 6 7 8 |  8.6
Spellcasting   | 4 6 7 9 |  9.8
Dodging        | |  2.4
Stealth        | |  2.4
Transmutations | |  1.1

Action                   |  1- 3 |  4- 6 |  7- 9 || total
-------------------------+-------+-------+-------++-------
 Cast: Sandblast         |    56 |    78 |    43 ||   177
       Passwall          |       |     1 |       ||     1
  Use: Scroll            |       |     5 |     1 ||     6
Armor: Robe              |     3 |     5 |     1 ||     9
Dodge: Dodged            |    13 |    24 |    12 ||    49
